Map: Blood Boil LE

Players

Nerchio - Winner!

  • Race: Zerg Zerg
  • Spawn Location: 5:00

Stephano

  • Race: Zerg Zerg
  • Spawn Location: 11:00

Event: WCS Valencia 2017

VOD

Have the link to the VOD?

Description

Time

  • Played on: July 14, 2017, 8:19 a.m.
  • Length: 13:52

All games in this series

Show
View Real Time Build Order
Export as new Build Order

Nerchio Zerg - Winner!

Build Orders: Pool First 

Get SALT Encoding   

  12  0:00  Unknown, Drone  
  13  0:12  Overlord  
  13  0:17  Drone  
  14  0:31  Drone x2  
  14  0:34  Drone  
  17  0:41  Extractor  
  16  0:45  Drone  
  17  0:53  Spawning Pool  
  17  0:56  Drone  
  17  1:20  Hatchery  
  17  1:23  Drone  
  17  1:39  Queen  
  19  1:40  Zergling x2  
  19  1:46  Metabolic Boost  
  20  1:51  Drone  
  21  1:56  Drone  
  21  2:01  Overlord  
  22  2:10  Baneling Nest  
  22  2:15  Drone  
  22  2:22  Queen  
  24  2:25  Drone  
  24  2:29  Zergling x2  
  26  2:32  Zergling x2  
  26  2:36  Zergling x2  
  28  2:44  Zergling x2  
  28  2:46  Zergling x2  
  28  2:49  Zergling x4  
  32  2:51  Zergling x2  
  32  2:55  Baneling x2  
  33  2:59  Overlord  
  33  3:06  Zergling x4  
  33  3:11  Drone  
  36  3:17  Baneling x2  
  36  3:19  Drone  
  37  3:20  Drone  
  37  3:21  Drone  
  37  3:23  Drone  
  40  3:29  Drone  
  40  3:30  Drone  
  40  3:33  Drone  
  41  3:36  Drone  
  41  3:40  Drone x2  
  43  3:44  Overlord  
  43  3:49  Overlord  
  43  4:02  Drone x4  
  47  4:03  Drone x3  
  50  4:15  Hatchery  
  50  4:16  Drone  
  50  4:18  Drone  
  50  4:23  Evolution Chamber, Drone  
  51  4:25  Drone  
  51  4:27  Drone  
  51  4:29  Drone  
  54  4:32  Extractor, Drone  
  54  4:34  Overlord  
  54  4:35  Drone  
  55  4:38  Drone  
  55  4:39  Drone  
  58  4:45  Drone  
  58  4:46  Drone  
  57  4:54  Drone  
  57  4:55  Drone x3  
  57  4:58  Lair  
  61  5:01  Zerg Missile Weapons Level 1  
  61  5:05  Roach Warren, Drone  
  61  5:06  Drone  
  61  5:07  Extractor, Drone  
  61  5:10  Drone x2  
  63  5:17  Overlord  
  63  5:21  Drone  
  64  5:23  Queen  
  66  5:28  Overlord x2  
  66  5:29  Extractor  
  66  5:33  Drone  
  66  5:34  Drone x3  
  69  5:40  Drone  
  69  5:41  Drone x2  
  69  5:42  Extractor  
  71  5:43  Drone  
  71  5:45  Overlord  
  71  5:46  Overlord  
  72  5:50  Evolution Chamber  
  72  5:55  Glial Reconstitution  
  71  5:59  Overseer  
  71  6:03  Roach  
  71  6:04  Roach x5  
  83  6:05  Roach  
  83  6:07  Roach  
  83  6:09  Roach  
  89  6:19  Overlord  
  89  6:22  Roach x2  
  89  6:23  Roach x4  
  101  6:29  Queen  
  102  6:33  Overlord  
  102  6:34  Overlord  
  102  6:35  Roach x2  
  102  6:36  Roach  
  102  6:37  Overlord  
  108  6:41  Overlord  
  108  6:45  Zerg Ground Armor Level 1  
  108  6:53  Drone x4  
  108  6:54  Drone  
  113  6:56  Burrow  
  113  7:03  Roach x4  
  113  7:04  Roach  
  113  7:05  Pneumatized Carapace  
  113  7:07  Zerg Missile Weapons Level 2  
  123  7:11  Roach x2  
  123  7:13  Roach  
  129  7:26  Roach x4  
  129  7:28  Hatchery  
  129  7:29  Roach  
  140  7:30  Roach  
  140  7:33  Overlord  
  140  7:34  Overlord  
  140  7:37  Tunneling Claws  
  140  7:47  Drone x2  
  140  7:48  Infestation Pit  
  140  7:50  Hydralisk Den  
  139  7:52  Roach x3  
  139  7:53  Roach x2  
  149  7:59  Roach  
  149  8:00  Roach x2  
  149  8:03  Roach x2  
  154  8:10  Queen  
  151  8:20  Drone x5  
  151  8:21  Drone  
  151  8:25  Hatchery  
  151  8:26  Spore Crawler  
  153  8:36  Spore Crawler, Infestor x2  
  153  8:39  Spore Crawler  
  155  8:46  Hydralisk x2  
  158  8:49  Hydralisk  
  158  8:50  Queen x2  
  158  8:52  Roach x36  
  158  8:58  Hydralisk  
  158  9:01  Hydralisk  
  160  9:03  Overlord x3  
  160  9:04  Roach  
  160  9:06  Overlord  
  162  9:19  Muscular Augments, Overlord x3  
  162  9:21  Spore Crawler, Queen  
  163  9:26  Hydralisk x2  
  167  9:32  Overlord  
  167  9:35  Hydralisk x2  
  167  9:38  Hydralisk  
  171  9:44  Hatchery  
  173  9:53  Hydralisk  
  173  9:54  Hydralisk x3  
  181  10:02  Roach x4  
  189  10:07  Roach  
  189  10:08  Roach  
  189  10:09  Hatchery  
  189  10:10  Roach  
  194  10:17  Extractor  
  194  10:18  Extractor  
  192  10:25  Overlord  
  192  10:33  Overlord  
  192  10:42  Roach x4  
  200  10:47  Overlord  
  200  10:48  Hive  
  200  11:13  Overlord x2  
  200  11:23  Zerg Ground Armor Level 2  
  184  11:40  Roach  
  184  11:41  Roach  
  184  11:42  Roach x14  
  184  11:44  Roach x5  
  184  11:46  Roach x2  
  200  11:52  Roach x3  
  194  12:01  Roach x4  
  183  12:04  Roach  
  183  12:07  Roach  
  172  12:10  Roach  
  172  12:11  Roach  
  172  12:14  Drone x6  
  163  12:18  Queen, Roach x2  
  163  12:20  Drone x13  
  163  12:21  Roach  
  161  12:24  Roach  
  161  12:26  Roach  
  161  12:28  Spine Crawler  
  161  12:29  Spine Crawler  
  151  12:43  Roach x4  
  149  12:49  Drone x3  
  149  12:50  Drone  
  152  12:52  Roach  
  133  13:08  Roach  
  133  13:09  Zergling x16  
  143  13:16  Roach  
  135  13:21  Roach  
  137  13:29  Drone x3  
  137  13:30  Drone  
  136  13:48  Spore Crawler  
  136  13:49  Spine Crawler  
Show
View Real Time Build Order
Export as new Build Order

Stephano Zerg 

Build Orders: Hatch First 

Get SALT Encoding   

  12  0:00  Unknown  
  12  0:01  Drone  
  13  0:12  Overlord  
  13  0:18  Drone  
  14  0:31  Drone x2  
  14  0:34  Drone  
  17  0:53  Hatchery  
  17  0:55  Drone  
  17  0:59  Drone  
  18  1:07  Drone  
  19  1:16  Spawning Pool  
  18  1:19  Drone  
  19  1:29  Drone  
  20  1:42  Drone  
  20  1:45  Hatchery  
  20  1:50  Overlord  
  20  2:04  Queen  
  20  2:07  Queen  
  24  2:11  Zergling x2  
  24  2:13  Zergling x2  
  26  2:16  Zergling x2  
  27  2:26  Zergling x4  
  29  2:34  Spine Crawler  
  28  2:43  Drone  
  29  2:44  Queen  
  29  2:47  Queen  
  29  2:50  Drone  
  34  2:54  Drone x2  
  36  3:00  Drone x2  
  38  3:06  Drone x2  
  38  3:11  Evolution Chamber  
  38  3:12  Overlord  
  40  3:17  Evolution Chamber  
  40  3:19  Evolution Chamber  
  37  3:28  Zergling x6  
  37  3:31  Spine Crawler  
  37  3:32  Zergling x2  
  40  3:38  Drone x2  
  40  3:39  Drone  
  43  3:42  Drone x2  
  43  3:46  Drone  
  43  3:47  Drone  
  47  3:50  Drone  
  47  3:53  Drone x2  
  50  4:06  Extractor x2, Overlord  
  50  4:07  Drone  
  50  4:09  Extractor  
  50  4:10  Extractor x2, Drone x2  
  50  4:15  Drone  
  50  4:16  Overlord  
  50  4:26  Drone x6  
  50  4:27  Drone x2  
  50  4:31  Overlord  
  58  4:35  Drone x2  
  60  4:40  Drone  
  60  4:41  Drone x3  
  64  4:49  Evolution Chamber  
  64  4:52  Evolution Chamber  
  62  4:53  Evolution Chamber  
  62  4:57  Zerg Ground Armor Level 1  
  62  5:00  Drone x4  
  62  5:01  Drone  
  62  5:04  Zerg Melee Weapons Level 1  
  68  5:07  Evolution Chamber  
  68  5:11  Overlord  
  68  5:12  Drone x3  
  71  5:14  Drone x2  
  71  5:17  Overlord  
  73  5:21  Lair  
  73  5:24  Drone  
  74  5:29  Drone  
  74  5:30  Drone  
  74  5:31  Drone  
  74  5:33  Drone x3  
  74  5:34  Metabolic Boost  
  80  5:41  Overlord  
  80  5:46  Overlord  
  80  5:48  Drone  
  80  5:49  Drone  
  82  5:50  Hatchery  
  82  5:55  Zergling x6  
  82  5:56  Zergling x6  
  87  6:03  Zergling x2  
  87  6:04  Zergling x12  
  93  6:06  Pneumatized Carapace  
  93  6:10  Zergling x4  
  93  6:11  Zergling x4  
  98  6:20  Zergling x10  
  98  6:22  Spire  
  102  6:35  Zergling x8  
  102  6:38  Overlord  
  106  6:42  Overlord  
  106  6:44  Overlord x2  
  106  6:51  Roach Warren  
  106  6:52  Zerg Ground Armor Level 2, Zerg Missile Weapons Level 1  
  105  6:54  Overlord  
  105  6:55  Drone  
  105  6:58  Overlord  
  105  7:01  Drone x2  
  108  7:31  Hatchery  
  108  7:33  Glial Reconstitution  
  108  7:34  Mutalisk  
  108  7:35  Mutalisk x9  
  127  7:44  Drone x3  
  116  8:04  Roach  
  116  8:05  Roach x17  
  147  8:12  Roach x4  
  148  8:15  Roach x2  
  147  8:21  Roach  
  147  8:22  Roach x2  
  152  8:28  Roach x3  
  152  8:32  Overlord x3  
  158  8:36  Overlord x2  
  158  8:37  Extractor  
  157  8:45  Roach x4  
  165  8:58  Roach  
  165  8:59  Roach x12  
  165  9:01  Overseer  
  191  9:05  Roach x2  
  191  9:08  Zergling x10  
  200  9:21  Drone, Spine Crawler x2  
  200  9:22  Spine Crawler, Drone  
  200  9:23  Spine Crawler  
  198  9:26  Burrow  
  198  9:29  Drone x2  
  192  9:54  Tunneling Claws  
  192  9:56  Roach x9  
  198  10:02  Overlord x2  
  198  10:30  Ravager  
  199  10:39  Overlord x2  
  195  10:47  Ravager x5  
  195  10:49  Overlord  
  197  10:50  Overlord  
  197  10:56  Roach x18  
  194  10:59  Drone x3  
  194  11:00  Drone x2  
  197  11:14  Hatchery  
  197  11:17  Ravager x2, Roach  
  197  11:18  Ravager, Roach  
  199  11:19  Roach x3  
  199  11:20  Roach x3  
  199  11:21  Roach x2  
  199  11:22  Roach  
  199  11:23  Roach  
  199  11:24  Roach  
  199  11:25  Roach  
  197  11:27  Roach  
  197  11:28  Roach x2  
  197  11:29  Roach  
  187  11:33  Roach x8  
  187  11:38  Roach x2  
  186  11:43  Roach x13  
  186  11:44  Roach  
  186  11:46  Roach  
  186  11:47  Roach x2  
  198  11:49  Roach x4  
  198  11:52  Roach x2  
  198  11:53  Roach x3  
  192  11:55  Overseer  
  192  11:59  Roach x5  
  182  12:03  Roach x3  
  163  12:10  Roach x4  
  163  12:12  Roach  
  163  12:15  Roach x2  
  144  12:20  Roach  
  144  12:21  Roach x4  
  140  12:28  Roach x2  
  140  12:29  Roach x2  
  128  12:30  Roach x2  
  128  12:32  Roach x2  
  128  12:33  Roach  
  128  12:34  Roach  
  105  12:42  Roach x7  
  105  12:43  Queen  
  118  12:48  Roach  
  118  12:49  Roach x8  
  130  12:55  Roach  
  130  12:56  Roach x2  
  130  12:57  Roach x4  
  127  12:59  Overseer  
  127  13:02  Roach x3  
  117  13:06  Roach x2  
  113  13:17  Roach x2  
  113  13:19  Roach x4  
  102  13:25  Extractor, Roach x2  
  102  13:27  Zergling x10  
Tags
 
Add a new tag
Caveats
  • Supply blocks, unpowered buildings, or Contaminate may cause inaccurate times.
  • Supply counts are checked every 10 seconds.